 Dungeon Crawl Stone Soup version 0.22.1-2-g9c5b331383 (webtiles) character file.

112 Peterchen the Chopper (level 4, -2/39 HPs)
             Began as a Minotaur Berserker on Dec 18, 2018.
             Was a Believer of Trog.
             Hit by a tomahawk of dispersal thrown by an orc (7 damage)
             ... on level 3 of the Dungeon on Dec 19, 2018.
             The game lasted 00:12:02 (1596 turns).

Peterchen the Chopper (Minotaur Berserker)          Turns: 1596, Time: 00:12:03

Health: -2/39      AC:  3    Str: 22    XL:     4   Next: 64%
Magic:  3/3        EV: 12    Int:  4    God:    Trog [**....]
Gold:   56         SH:  0    Dex: 10    Spells: 3/3 levels left

rFire    . . .     SeeInvis .   n - -1 battleaxe (curse)
rCold    . . .     Gourm    .   (shield currently unavailable)
rNeg     . . .     Faith    .   l - +0 leather armour
rPois    .         Spirit   .   (helmet restricted)
rElec    .         Reflect  .   (no cloak)
rCorr    .         Harm     .   (no gloves)
MR       .....                  (no boots)
Stlth    +.........             (no amulet)
HPRegen  0.13/turn              (no ring)
MPRegen  0.08/turn              (no ring)

@: lethally poisoned (-2 -> -3), berserk cooldown, slowed, very slow
A: retaliatory headbutt, horns 2
a: Berserk, Trog's Hand, Renounce Religion


You were on level 3 of the Dungeon.
You worshipped Trog.
Trog was pleased with you.
You were very hungry.

You visited 1 branch of the dungeon, and saw 4 of its levels.

You collected 56 gold pieces.

Inventory:

Hand Weapons
 n - a cursed -1 battleaxe (weapon)
Armour
 l - a +0 leather armour (worn)
Scrolls
 b - a scroll of fear {unknown}
 d - 2 scrolls of blinking {unknown}
 g - 4 scrolls of identify {unknown}
 i - a scroll of enchant weapon {unknown}
 k - a scroll of magic mapping {unknown}
 m - 2 scrolls of remove curse {unknown}
Potions
 a - a potion of flight {unknown}
 e - a potion of degeneration {unknown}
 f - a potion of agility {unknown}
 h - a potion of might {unknown}
 j - a potion of cancellation {unknown}
Comestibles
 c - a ration


   Skills:
 - Level 3.6 Fighting
 * Level 6.5 Axes
 - Level 2.4 Armour
 - Level 2.1 Dodging
 + Level 0.5 Stealth


You had 3 spell levels left.
You didn't know any spells.
Your spell library was empty.

Dungeon Overview and Level Annotations

Branches:
Dungeon (4/15)             Temple (0/1) D:4

Altars:
Xom

Annotations:
D:2 Jessica


Innate Abilities, Weirdness & Mutations

You reflexively headbutt those who attack you in melee.
You have a pair of horns on your head.


Message History

The orc throws a tomahawk of dispersal.
The tomahawk of dispersal hits you.
* * * LOW HITPOINT WARNING * * *
You blink.
Found 8 gold pieces.
An orc comes into view. It is wielding a short sword.
A red film seems to cover your vision as you go berserk!
You feel yourself moving faster!
You feel mighty!
You are feeling very hungry.
The orc throws a tomahawk.
The tomahawk hits you!
* * * LOW HITPOINT WARNING * * *
The orc throws a tomahawk of dispersal.
The tomahawk of dispersal misses you.
You feel a strong urge to attack something.
The orc throws a tomahawk of dispersal.
The tomahawk of dispersal barely misses you.
You feel your anger nearly subside.
You are no longer berserk.
You are exhausted.
You feel yourself slow down.
You feel sick.
The orc throws a tomahawk of dispersal.
The tomahawk of dispersal hits you!
You die...

#........#
#........#
#........###...
#..............
#........>....?
####...#........
######..#........
...(.....##+##..o.
........@...##....
K...!.......!.....
........$......###
#######...(.......
#.........##
#......o..#
#.........#
#.......$.#
#.........#


You could see an orc.

Vanquished Creatures
  A scorpion (D:3)
  2 adders (D:3)
  2 oozes
  A dart slug (D:1)
  3 giant cockroaches
  5 hobgoblins
  4 jackals (D:3)
  3 kobolds (D:1)
  5 bats
  A frilled lizard (D:1)
  5 goblins
  3 rats (D:1)
35 creatures vanquished.

Notes
Turn   | Place    | Note
-------+----------+-------------------------------------------
     0 | D:1      | Peterchen the Minotaur Berserker began the quest for the
                  | Orb.
     0 | D:1      | Reached XP level 1. HP: 19/19 MP: 0/0
    16 | D:1      | Noticed an octopode
    16 | D:1      | Noticed an ogre
    20 | D:1      | Noticed a troll
    20 | D:1      | Noticed a ghoul
    22 | D:1      | Noticed a tengu
    22 | D:1      | Noticed a merfolk
    24 | D:1      | Noticed a spriggan
    26 | D:1      | Noticed a halfling
    26 | D:1      | Noticed a centaur
    28 | D:1      | Noticed a draconian
    28 | D:1      | Noticed a formicid
    30 | D:1      | Noticed a demigod
    30 | D:1      | Noticed a demonspawn
    32 | D:1      | Noticed a vampire
    32 | D:1      | Noticed a dwarf
    34 | D:1      | Noticed an elf
    36 | D:1      | Noticed a vine stalker
    38 | D:1      | Noticed a minotaur
    38 | D:1      | Noticed a naga
    40 | D:1      | Noticed a felid
    42 | D:1      | Noticed a human
    42 | D:1      | Noticed a gargoyle
    84 | D:1      | Reached skill level 4 in Axes
   266 | D:1      | Reached XP level 2. HP: 26/26 MP: 1/1
   946 | D:2      | Reached skill level 5 in Axes
   990 | D:2      | Reached XP level 3. HP: 31/31 MP: 2/2
  1064 | D:2      | Found a faded altar of an unknown god.
  1106 | D:2      | Found a shimmering altar of Xom.
  1107 | D:2      | Found a shimmering altar of Xom.
  1107 | D:2      | Found a shimmering altar of Xom.
  1107 | D:2      | Found a shimmering altar of Xom.
  1108 | D:2      | Found a shimmering altar of Xom.
  1109 | D:2      | Found a shimmering altar of Xom.
  1132 | D:2      | You fall through a shaft for 2 floors!
  1133 | D:4      | Found a staircase to the Ecumenical Temple.
  1156 | D:3      | Noticed a scorpion
  1162 | D:3      | Reached ** piety under Trog
  1167 | D:3      | Killed a scorpion
  1167 | D:3      | Reached skill level 6 in Axes
  1167 | D:3      | Reached XP level 4. HP: 39/39 MP: 3/3
  1214 | D:3      | Noticed Jessica
  1596 | D:3      | Hit by a tomahawk of dispersal thrown by an orc

Skill      XL: |  1  2  3 |
---------------+----------+-----
Axes           | 4 5 6 |  6.5
Fighting       | |  3.6
Armour         | |  2.4
Dodging        | |  2.1
Stealth        | |  0.5

Action                   |  1- 3 |  4- 6 || total
-------------------------+-------+-------++-------
Melee: Hand axe          |    27 |       ||    27
       Headbutt          |     6 |     3 ||     9
       Battleaxe         |     5 |    29 ||    34
Invok: Berserk           |     2 |     2 ||     4
       Trog's Hand       |       |     1 ||     1
  Eat: Ration            |       |     1 ||     1
       Chunk             |       |     1 ||     1
Armor: Animal skin       |     5 |       ||     5
       Leather armour    |     4 |    13 ||    17
Dodge: Dodged            |    23 |    36 ||    59
